 Dungeon Crawl Stone Soup version 0.25-a0-341-g6f074c887a (webtiles) character file.

Game seed: 8401112371988234210, levelgen mode: classic

8327 Borgoz the Basher (level 11, -8/106 HPs)
             Began as a Gargoyle Fighter on Dec 30, 2019.
             Was a Follower of Okawaru.
             Mangled by an orc knight
             ... wielding a +0 halberd
              (24 damage)
             ... in a bailey.
             The game lasted 00:14:17 (7971 turns).

Borgoz the Basher (Gargoyle Fighter)                Turns: 7971, Time: 00:14:18

Health: -8/106     AC: 25    Str: 27    XL:     11   Next: 29%
Magic:  11/11      EV:  2    Int:  8    God:    Okawaru [*.....]
Gold:   422        SH:  0    Dex: 11    Spells: 10/10 levels left

rFire    . . .     SeeInvis .   o - +5 dire flail (curse)
rCold    . . .     Gourm    .   (shield currently unavailable)
rNeg     + + +     Faith    .   (armour currently unavailable)
rPois    ∞         Spirit   .   (helmet currently unavailable)
rElec    .         Reflect  .   (cloak currently unavailable)
rCorr    .         Harm     .   (gloves currently unavailable)
MR       .....     NoTele   +   (boots currently unavailable)
Stlth    +.........             (no amulet)
HPRegen  0.27/turn              (no ring)
MPRegen  0.12/turn              (no ring)

@: mighty, tree-form, very slightly contaminated, invisible
A: negative energy resistance 1, petrification resistance, rot immunity, AC +8
a: Heroism, Renounce Religion


You were in a bailey.
You worshipped Okawaru.
Okawaru was aware of your devotion.
You were not hungry.
You were a tree.
You visited 2 branches of the dungeon, and saw 9 of its levels.
You also visited: Bailey.

You collected 422 gold pieces.

Inventory:

Hand Weapons
 o - a cursed +5 dire flail (weapon)
 v - a +1 morningstar
Missiles
 t - 4 throwing nets (quivered)
Armour
 c - a +0 shield
 d - a +0 plate armour (melded)
 e - a +0 pair of gloves (melded)
Wands
 b - a wand of digging (12)
 k - a wand of random effects (14)
 u - a wand of iceblast (6)
 x - a wand of enslavement (9)
Scrolls
 a - 5 scrolls of identify
 i - 3 scrolls of remove curse
 n - 2 scrolls of enchant armour
 q - 3 scrolls of teleportation
Potions
 g - 8 potions of curing
 h - a potion of lignification
 j - a potion of magic
 m - 5 potions of mutation
 p - a potion of invisibility
 r - 2 potions of heal wounds
 s - 2 potions of berserk rage
 z - 2 potions of resistance
 B - a potion of might
Comestibles
 f - 5 rations
 l - 10 chunks of flesh


   Skills:
 + Level 9.5 Fighting
 * Level 11.6 Maces & Flails
 + Level 9.6 Armour
 + Level 4.2 Dodging
 - Level 3.2 Shields


You had 10 spell levels left.
You didn't know any spells.
Your spell library was empty.

Dungeon Overview and Level Annotations

Branches:
Dungeon (8/15)             Temple (1/1) D:7          Bailey (1/1)
   Lair: D:8-11

Altars:
Ashenzari
Cheibriados
Dithmenos
Elyvilon
Fedhas
Gozag
Makhleb
Nemelex Xobeh
Okawaru
Sif Muna
Trog
Uskayaw
Vehumet
Wu Jian
Xom
Yredelemnul
Zin
The Shining One

Shops:
D:4 :   D:7 [


Innate Abilities, Weirdness & Mutations

You are resistant to torment.
((Your stone body is resilient. (AC +8)))
You are immune to poison.
You resist negative energy. (rN+)
((You are resistant to electric shocks. (rElec)))
((You can survive without breathing.))
You are immune to petrification.
You are immune to rotting.


Message History

The orc no longer looks unusually strong.
The orc warrior no longer looks unusually strong.
The orc knight roars a battlecry!
The orcs go into a battle-frenzy!
The orc knight hits you from afar with a +0 halberd!!
* * * LOW HITPOINT WARNING * * *
You feel much better.
The orc knight no longer looks unusually strong.
The orc knight hits you from afar with a +0 halberd.
Really quaff the potion of lignification?
You turn into a tree.
Your +0 pair of gloves melds into your body.
Your +0 plate armour melds into your body.
Your roots penetrate the ground.
The orc knight hits you from afar with a +0 halberd!!
* * * LOW HITPOINT WARNING * * *
The orc knight roars a battlecry!
The orcs go into a battle-frenzy!
The orc knight hits you from afar with a +0 halberd!!
You die...

############ #######
##.∩........## ##.....####
#............######.......#..
#....))......#o...#.......'o.
#∩..))))....oooo.)ooo)....'.o
#.....))..).♣#....#.o.....'..
#....)).)))..######.......#..
##.∩......).## ##.....####
############ #######


You could see 3 orc knights, 2 orc warriors and 2 orcs.

Vanquished Creatures
  Harold (D:6)
  A wolf spider zombie (D:7)
  A deep elf mage (D:7)
  4 centaur zombies (D:7)
  2 centaur skeletons (D:7)
  Joseph (D:6)
  2 hellwings
  A hippogriff (D:7)
  Sigmund (D:5)
  8 orc warriors
  3 ice beasts
  2 sky beasts (D:6)
  A necrophage (D:8)
  3 ogres (D:6)
  2 phantoms
  A centaur (D:3)
  A big kobold (D:8)
  A gnoll sergeant (D:7)
  2 bullfrogs
  A wyvern zombie (D:6)
  2 scorpions
  3 wights
  A howler monkey (D:4)
  4 crimson imps
  A bullfrog zombie (D:7)
  3 hounds
  9 orc priests
  13 orc wizards
  A gnoll shaman (D:5)
  An iguana (D:4)
  5 worker ants
  A worker ant zombie (D:7)
  A howler monkey zombie (D:7)
  16 gnolls
  6 adders
  4 shadow imps
  An ooze (D:1)
  An adder skeleton (D:5)
  7 worms
  5 dart slugs
  5 leopard geckos
  58 orcs
  2 ball pythons
  4 giant cockroaches
  5 goblins
  4 hobgoblins
  7 jackals
  4 quokkas
  9 bats
  10 frilled lizards
  A jackal zombie (D:6)
  11 kobolds
  A quokka skeleton (D:5)
  4 rats
249 creatures vanquished.

Vanquished Creatures (others)
  A withered plant (D:7)
1 creature vanquished.

Grand Total: 250 creatures vanquished

Notes
Turn   | Place    | Note
-------+----------+-------------------------------------------
     0 | D:1      | Borgoz the Gargoyle Fighter began the quest for the Orb.
     0 | D:1      | Reached XP level 1. HP: 14/14 MP: 1/1
   312 | D:1      | Reached XP level 2. HP: 16/19 MP: 2/2
   747 | D:2      | Reached XP level 3. HP: 19/23 MP: 3/3
   854 | D:2      | Reached skill level 3 in Maces & Flails
   958 | D:2      | Reached XP level 4. HP: 16/29 MP: 4/4
  1847 | D:3      | Noticed a centaur
  1862 | D:3      | Killed a centaur
  1862 | D:3      | Reached skill level 4 in Maces & Flails
  1862 | D:3      | Reached XP level 5. HP: 26/34 MP: 5/5
  1986 | D:3      | Reached XP level 6. HP: 31/39 MP: 6/6
  2327 | D:4      | Noticed a phantom
  2386 | D:4      | Killed a phantom
  2386 | D:4      | Reached skill level 5 in Maces & Flails
  2607 | D:4      | Noticed an ice beast
  2610 | D:4      | Reached skill level 5 in Armour
  2615 | D:4      | Killed an ice beast
  2615 | D:4      | Reached skill level 5 in Fighting
  2615 | D:4      | Reached XP level 7. HP: 41/44 MP: 7/7
  2824 | D:4      | Found Veyx's Book Emporium.
  2873 | D:4      | Found a bloodstained altar of Trog.
  3068 | D:4      | Reached skill level 6 in Maces & Flails
  3461 | D:5      | Entered Level 5 of the Dungeon
  3525 | D:5      | Reached XP level 8. HP: 50/51 MP: 8/8
  3606 | D:5      | Noticed Sigmund
  3625 | D:5      | Killed Sigmund
  3625 | D:5      | Reached skill level 7 in Maces & Flails
  3977 | D:5      | Found an ornate altar of the Wu Jian Council.
  4629 | D:6      | Reached skill level 8 in Maces & Flails
  4637 | D:6      | Reached XP level 9. HP: 41/56 MP: 9/9
  5678 | D:7      | Noticed Joseph
  5684 | D:7      | Noticed Harold
  5700 | D:6      | Killed Joseph
  5700 | D:6      | Reached skill level 9 in Maces & Flails
  6077 | D:6      | Killed Harold
  6077 | D:6      | Reached skill level 1 in Dodging
  6077 | D:6      | Reached XP level 10. HP: 34/64 MP: 10/10
  6183 | D:7      | Reached skill level 10 in Maces & Flails
  6683 | D:7      | Found Lovveygi's Armour Shoppe.
  6699 | D:7      | Found a staircase to the Ecumenical Temple.
  6725 | D:7      | Reached skill level 11 in Maces & Flails
  6773 | Temple   | Entered the Ecumenical Temple
  6791 | Temple   | Became a worshipper of Warmaster Okawaru
  6963 | D:7      | Reached XP level 11. HP: 61/71 MP: 11/11
  7076 | D:7      | Found an opulent altar of Gozag.
  7175 | D:7      | Noticed a deep elf mage
  7180 | D:7      | Killed a deep elf mage
  7180 | D:7      | Reached * piety under Okawaru
  7416 | D:8      | Found a flagged portal.
  7421 | Bailey   | Entered a bailey
  7932 | Bailey   | Noticed an orc knight
  7933 | Bailey   | Noticed an orc knight
  7933 | Bailey   | Noticed an orc knight
  7971 | Bailey   | Mangled by an orc knight

Levels and vault maps discovered:
D:1:      minmay_arrival_checkered_box, layout_basic
D:2:      layout_basic, serial_rivers, chequers_serial_rivers_small_b,
          chequers_serial_rivers_micro_b, chequers_serial_rivers_room_a,
          chequers_serial_rivers_small_b
D:3:      layout_rooms
D:4:      layout_cave_pods, lightli_temple_of_fire, serial_shops, shop,
          first_ration, serial_column_ruins, column_ruins_hut_pillars,
          column_ruins_circle_medium, column_ruins_columns_corner,
          column_ruins_open_tiny, column_ruins_columns_straight,
          column_ruins_corridor_corner, column_ruins_grid_1, st_stairs_9
D:5:      layout_rooms, lemuel_doored_altar, lemuel_another_geyser, uniq_sigmund
D:6:      layout_layer_cave, solitary_fountain
D:7:      cheibrodos_grave_circle, layout_rooms, nicolae_gozag_seed_capital,
          temple_pool_b, serial_shops, nicolae_shop_waterfront,
          guppyfry_early_elven_hall, uniq_joseph, uniq_harold
D:8:      layout_cave_pods, grunt_temple_overflow_open, enter_bailey_2
Temple:   regret_index_temple_waves
Bailey:   bailey_polearm_5, bailey

Skill      XL: |  1  2  3  4  5  6  7  8  9 10 11 |
---------------+----------------------------------+-----
Maces & Flails | 3 4 5 6 8 9 11 | 11.6
Armour         | 4 5 6 8 9 |  9.6
Fighting       | 4 5 6 8 9 |  9.5
Dodging        | 1 3 4 |  4.2
Shields        | |  3.2

Action                   |  1- 3 |  4- 6 |  7- 9 | 10-12 || total
-------------------------+-------+-------+-------+-------++-------
Melee: Flail             |   191 |   187 |       |       ||   378
       Morningstar       |       |     5 |   389 |       ||   394
       Dire flail        |       |       |    34 |   288 ||   322
Evoke: Wand              |       |       |       |     4 ||     4
  Use: Scroll            |       |       |    19 |     2 ||    21
       Potion            |       |       |     2 |     6 ||     8
  Eat: Chunk             |     1 |     5 |     9 |     6 ||    21
       Ration            |       |       |     1 |       ||     1
Armor: Scale mail        |   141 |   112 |   273 |       ||   526
       Plate armour      |       |       |   122 |   267 ||   389
Dodge: Dodged            |    77 |    55 |   150 |   156 ||   438
Block: Shield            |   113 |   110 |   231 |       ||   454

Table legend:
 A = Non-vault XP
 B = Vault XP
 C = Vault XP percentage of total XP
 D = Non-vault monster count
 E = Vault monster count
 F = Vault count percentage of total count
                 A         B        C        D         E       F
            +---------+---------+-------+---------+---------+-------
      Total |    5195 |    6702 |  56.3 |     206 |      43 |  17.3
            +---------+---------+-------+---------+---------+-------
        D:1 |      31 |       0 |   0.0 |      16 |       0 |   0.0
        D:2 |     115 |       0 |   0.0 |      30 |       0 |   0.0
        D:3 |     183 |       0 |   0.0 |      15 |       0 |   0.0
        D:4 |     861 |       0 |   0.0 |      43 |       0 |   0.0
        D:5 |     538 |     212 |  28.3 |      21 |       1 |   4.5
        D:6 |    1710 |    1688 |  49.7 |      39 |       5 |  11.4
        D:7 |    1340 |    4211 |  75.9 |      28 |      11 |  28.2
        D:8 |     417 |       0 |   0.0 |      14 |       0 |   0.0
     Bailey |       0 |     591 | 100.0 |       0 |      26 | 100.0
            +---------+---------+-------+---------+---------+-------
